 Dungeon Crawl Stone Soup version 0.24-a0-378-g94936e539c (webtiles) character file.

Game seed: 8896088317930725094

1945 sangfroid the Covert (level 9, -10/57 HPs)
             Began as an Octopode Assassin on June 1, 2019.
             Mangled by a wyvern (16 damage)
             ... on level 8 of the Dungeon.
             The game lasted 00:14:38 (6913 turns).

sangfroid the Covert (Octopode Assassin)            Turns: 6913, Time: 00:14:39

Health: -10/57     AC:  4    Str: 11    XL:     9   Next: 18%
Magic:  13/13      EV: 14    Int: 13    God:
Gold:   354        SH:  7    Dex: 16    Spells: 13/14 levels left

rFire    . . .     SeeInvis .   a - +0 dagger (venom)
rCold    . . .     Gourm    .   o - +2 buckler
rNeg     . . .     Faith    .   (helmet restricted)
rPois    .         Spirit   .   (no amulet)
rElec    .         Reflect  .   v - +3 ring of protection
rCorr    .         Harm     .   (no ring)
MR       .....                  (no ring)
Stlth    ++++++....             (no ring)
HPRegen  0.19/turn              (no ring)
MPRegen  0.13/turn              (no ring)
                                (no ring)
                                (no ring)

@: no status effects
A: almost no armour, stealthy swim, amphibious, 8 rings, constrict 8, camouflage
1, gelatinous body 1
a: no special abilities


You were on level 8 of the Dungeon.
You were not hungry.

You visited 2 branches of the dungeon, and saw 9 of its levels.

You collected 354 gold pieces.

Inventory:

Hand Weapons
 a - a +0 dagger of venom (weapon)
 b - a +2 dagger
Missiles
 c - 2 curare-tipped darts
 n - a throwing net
 p - 52 poisoned darts (quivered)
Armour
 o - a +2 buckler (worn)
Jewellery
 v - a +3 ring of protection (left tentacle)
Wands
 w - a wand of paralysis (5)
 A - a wand of flame (13)
Scrolls
 e - 5 scrolls of immolation {unknown}
 g - a scroll of amnesia {unknown}
 i - a scroll of remove curse {unknown}
 k - 2 scrolls of magic mapping {unknown}
 l - a scroll of enchant weapon {unknown}
 q - 6 scrolls of teleportation {unknown}
 r - 3 scrolls of fear {unknown}
 u - 2 scrolls of random uselessness {unknown}
Potions
 f - a potion of lignification
 h - 2 potions of might
 j - 2 potions of mutation
 m - 2 potions of brilliance
 s - 2 potions of heal wounds
 t - a potion of ambrosia
 x - a potion of cancellation {unknown}
 z - a potion of curing {unknown}
 B - a potion of haste {unknown}
Comestibles
 d - 20 rations


   Skills:
 + Level 3.2 Fighting
 + Level 4.7 Short Blades
 + Level 3.3 Throwing
 + Level 2.9 Dodging
 + Level 10.9 Stealth
 * Level 4.3 Shields
 * Level 3.0 Spellcasting
 * Level 3.4 Hexes


You had 13 spell levels left.
You knew the following spells:

 Your Spells              Type           Power        Failure   Level  Hunger
a - Confusing Touch       Hex            ##....       6%          1    #......

Your spell library contained the following spells:

 Spells                   Type           Power        Failure   Level  Hunger
 Confuse                  Hex            ##......     17%         3    ###....
 Animate Skeleton         Necr           N/A          22%         1    #......
 Apportation              Tloc           #.....       22%         1    #......
 Summon Small Mammal      Summ           #...         22%         1    #......
 Gell's Gravitas          Tloc           #.........   56%         3    ###....
 Petrify                  Tmut/Erth      #.......     92%         4    #####..
 Metabolic Englaciation   Hex/Ice        #.........   97%         5    ######.
 Yara's Violent Unravell  Hex/Tmut       #.........   97%         5    ######.


Dungeon Overview and Level Annotations

Branches:
Dungeon (8/15)             Temple (1/1) D:6
   Lair: D:8-11

Altars:
Ashenzari
Cheibriados
Elyvilon
Fedhas
Gozag
Hepliaklqana
Kikubaaqudgha
Makhleb
Nemelex Xobeh
Okawaru
Qazlal
Ru
Sif Muna
Trog
Uskayaw
Vehumet
Wu Jian
Xom
Yredelemnul
Zin
The Shining One

Shops:
D:5 *


Innate Abilities, Weirdness & Mutations

You cannot wear most types of armour.
You are very stealthy in the water. (Stealth+)
You are amphibious.
You can wear up to eight rings at the same time.
You can use your tentacles to constrict eight enemies at once.
Your skin changes colour to match your surroundings (Stealth+).
Your rubbery body absorbs attacks. (AC +1, EV +1)


Message History

The wyvern is heavily wounded.
The wyvern bites you!
You hit the wyvern.
The wyvern looks as sick as possible!
The wyvern is severely wounded.
The wyvern bites you!
You closely miss the wyvern.
The wyvern is severely wounded.
The wyvern bites you!
* * * LOW HITPOINT WARNING * * *
You closely miss the wyvern.
The wyvern is almost dead.
You block the wyvern's attack.
You hit the wyvern.
The wyvern is almost dead.
The wyvern closely misses you.
Unknown command.
You hit the wyvern but do no damage.
The wyvern looks as sick as possible!
The wyvern is almost dead.
The wyvern completely misses you. The wyvern bites you!
You die...

########## #
#?.......# ##
.......(.# ########.
........## .........
#....... ######..
#....[# #######..#
#.....#####.......##
#..........#######
##.@#.#######
#.l##... #..######
#...# #.....#
o.()....# (..######
##. #


You could see a wyvern.

Vanquished Creatures
  A wyvern (D:8)
  A water moccasin (D:8)
  An ice beast (D:5)
  An orc warrior (D:6)
  2 centaurs
  An ogre (D:7)
  A big kobold (D:7)
  3 bullfrogs
  2 scorpions (D:6)
  4 crimson imps
  A centaur zombie (D:5)
  5 hounds
  2 bullfrog skeletons
  3 centaur skeletons
  Ijyb (D:5)
  2 iguanas
  7 worker ants
  A hound zombie (D:7)
  5 adders
  4 gnolls (D:2)
  2 oozes
  2 adder skeletons
  3 worms
  A dart slug (D:1)
  3 leopard geckos
  5 orcs
  7 giant cockroaches
  A goblin (D:3)
  6 hobgoblins
  15 jackals
  A quokka (D:6)
  2 ball pythons
  8 bats
  A frilled lizard (D:5)
  2 jackal zombies (D:6)
  19 kobolds
  9 rats
135 creatures vanquished.

Notes
Turn   | Place    | Note
-------+----------+-------------------------------------------
     0 | D:1      | sangfroid the Octopode Assassin began the quest for the
                  | Orb.
     0 | D:1      | Reached XP level 1. HP: 14/14 MP: 1/1
   103 | D:1      | Reached skill level 6 in Stealth
   103 | D:1      | Reached XP level 2. HP: 19/19 MP: 2/2
  1118 | D:2      | Reached XP level 3. HP: 24/24 MP: 3/3
  1124 | D:2      | Reached skill level 7 in Stealth
  1124 | D:2      | Reached XP level 4. HP: 29/29 MP: 4/4
  2264 | D:3      | You fall into a shaft and drop 1 floor!
  2272 | D:4      | Reached XP level 5. HP: 18/34 MP: 5/5
  3106 | D:4      | Reached skill level 1 in Shields
  3205 | D:4      | Found an iron altar of Okawaru.
  3205 | D:4      | Found a bloodstained altar of Trog.
  3205 | D:4      | Found a glowing golden altar of the Shining One.
  3205 | D:4      | Found a shattered altar of Ashenzari.
  3346 | D:4      | Found Lepnorai's Food Shop.
  3521 | D:5      | Entered Level 5 of the Dungeon
  3522 | D:5      | Reached skill level 8 in Stealth
  3522 | D:5      | Reached XP level 6. HP: 41/41 MP: 6/6
  3530 | D:5      | Found Quse's Serpentskin Sales.
  3676 | D:5      | Noticed Ijyb
  3678 | D:5      | Killed Ijyb
  3715 | D:5      | Learned a level 1 spell: Confusing Touch
  3735 | D:5      | Reached skill level 9 in Stealth
  3753 | D:5      | Reached XP level 7. HP: 45/45 MP: 7/7
  3864 | D:5      | Reached skill level 1 in Spellcasting
  3864 | D:5      | Reached skill level 1 in Hexes
  4198 | D:6      | Reached skill level 10 in Stealth
  4282 | D:6      | Found a staircase to the Ecumenical Temple.
  4304 | Temple   | Entered the Ecumenical Temple
  4359 | D:6      | Reached XP level 8. HP: 51/51 MP: 10/10
  5680 | D:6      | Found a hazy altar of Hepliaklqana.
  6167 | D:7      | Found a basalt altar of Yredelemnul.
  6456 | D:7      | Reached XP level 9. HP: 56/56 MP: 13/13
  6913 | D:8      | Mangled by a wyvern

Levels and vault maps discovered:
D:1:      kennysheep_arrival_forest, layout_loops_ring
D:2:      layout_basic, grunt_ministairs_3, palyth_stone_intersect
D:3:      layout_basic
D:4:      layout_loops_ring, grunt_temple_overflow_open, first_ration,
          serial_shops, kennysheep_mini_moat
D:5:      layout_rooms, guppyfry_shop_venom, uniq_ijyb
D:6:      layout_basic, overflow_temple_1_default,
          minmay_temple_entry_glassed_door
D:7:      layout_basic, lemuel_round_altar, grunt_ogre_cave
D:8:      layout_rooms, minivault_22, hex_medium
Temple:   nicolae_temple_no_exploring_needed

Skill      XL: |  1  2  3  4  5  6  7  8  9 |
---------------+----------------------------+-----
Stealth        | 6 7 8 9 10 | 10.9
Shields        | 1 2 4 |  4.3
Short Blades   | 3 4 |  4.7
Spellcasting   | 1 2 3 |  3.0
Hexes          | 1 3 |  3.4
Dodging        | 2 |  2.9
Fighting       | 3 |  3.2
Throwing       | 3 |  3.3

Action                   |  1- 3 |  4- 6 |  7- 9 || total
-------------------------+-------+-------+-------++-------
Melee: Dagger            |    30 |   100 |   210 ||   340
       Constrict         |     6 |    22 |    31 ||    59
       Tentacles         |     4 |    14 |    56 ||    74
Throw: Dart              |       |       |    31 ||    31
  Use: Scroll            |       |       |     6 ||     6
 Stab: Sleeping          |    13 |    27 |    13 ||    53
  Eat: Chunk             |       |     9 |     8 ||    17
       Ration            |       |       |     1 ||     1
Armor: Skin              |       |     5 |    19 ||    24
Dodge: Dodged            |    11 |    37 |    87 ||   135
Block: Buckler           |       |    12 |    57 ||    69

Table legend:
 A = Non-vault XP
 B = Vault XP
 C = Vault XP percentage of total XP
 D = Non-vault monster count
 E = Vault monster count
 F = Vault count percentage of total count
                 A         B        C        D         E       F
            +---------+---------+-------+---------+---------+-------
      Total |    2626 |     153 |   5.5 |     131 |       4 |   3.0
            +---------+---------+-------+---------+---------+-------
        D:1 |      33 |       0 |   0.0 |      17 |       0 |   0.0
        D:2 |      90 |       1 |   1.1 |      21 |       1 |   4.5
        D:3 |      41 |       0 |   0.0 |      22 |       0 |   0.0
        D:4 |     118 |       0 |   0.0 |       9 |       0 |   0.0
        D:5 |     649 |      40 |   5.8 |      15 |       2 |  11.8
        D:6 |     787 |       0 |   0.0 |      23 |       0 |   0.0
        D:7 |     561 |     112 |  16.6 |      21 |       1 |   4.5
        D:8 |     347 |       0 |   0.0 |       3 |       0 |   0.0
            +---------+---------+-------+---------+---------+-------
